 Dungeon Sprint DCSS version 0.28-a0-1382-g92835e5c71 (webtiles) character file.

Game seed: 3443800942899436034

1537 mhtbhm the Basher (level 8, -9/82 HPs)
             Began as a Minotaur Fighter on Jan 1, 2022.
             Was an Initiate of Gozag.
             Mangled by a two-headed ogre (28 damage)
             ... in the Dungeon (Sprint III: "The Ten Rune Challenge").
             The game lasted 00:02:21 (1584 turns).

mhtbhm the Basher (Minotaur Fighter)                Turns: 1584, Time: 00:02:22

Health: -9/82      AC:  9    Str: 23    XL:     8   Next: 56%
Magic:  7/7        EV: 10    Int:  5    God:    Gozag
Gold:   787        SH:  6    Dex: 10    Spells: 7/7 levels left

rFire   . . .      SeeInvis .   a - +0 flail
rCold   . . .      Faith    .   c - +0 buckler
rNeg    . . .      Spirit   .   b - +0 scale mail
rPois   .          Reflect  .   (helmet restricted)
rElec   .          Harm     .   (no cloak)
rCorr   .          Rampage  .   (no gloves)
Will    .....      NoTele   +   (no boots)
Stlth   ..........              k - amulet of the acrobat
HPRegen 0.23/turn               (no ring)
MPRegen 0.10/turn               (no ring)

@: no status effects
A: horns 2, retaliatory headbutt
a: Renounce Religion, Potion Petition, Call Merchant, Bribe Branch


You were in the Dungeon.
You worshipped Gozag.
Gozag was pleased with you.
You visited 1 branch You collected 787 gold pieces.

Inventory:

Hand Weapons
 a - a +0 flail (weapon)
Armour
 b - a +0 scale mail (worn)
 c - a +0 buckler (worn)
Jewellery
 k - an amulet of the acrobat (around neck)
Wands
 r - a wand of digging (5)
Scrolls
 j - a scroll of blinking
 l - a scroll of torment {unknown}
 m - a scroll of identify {unknown}
 o - a scroll of immolation {unknown}
 p - 3 scrolls of acquirement {unknown}
Potions
 e - a potion of curing
 g - a potion of haste
 h - 2 potions of magic
 n - 2 potions of flight
 q - 6 potions of mutation
Miscellaneous
 f - a phial of floods


   Skills:
 + Level 11.5 Fighting
 + Level 12.9 Maces & Flails
 + Level 12.6 Armour
 + Level 1.6 Dodging
 + Level 1.1 Stealth
 + Level 10.1 Shields
 + Level 1.4 Evocations


You had 7 spell levels left.
You didn't know any spells.
Your spell library contained the following spells:

 Spells                   Type           Power      Damage    Failure   Level
 Magic Dart               Conj           0%         1d3       71%         1
 Call Imp                 Summ           0%         N/A       85%         2
 Mephitic Cloud           Conj/Pois/Air  0%         N/A       97%         3
 Ozocubu's Armour         Ice            0%         N/A       97%         3
 Ozocubu's Refrigeration  Ice            0%         4d5       100%        7


Dungeon Overview and Level Annotations

Branches:
Dungeon (1/1)

Altars:
Cheibriados
Dithmenos
Elyvilon
Fedhas
Gozag
Hepliaklqana
Kikubaaqudgha
Makhleb
Nemelex Xobeh
Okawaru
Qazlal
Ru
Sif Muna
Trog
Uskayaw
Vehumet
Wu Jian
Xom
Yredelemnul
Zin
The Shining One
Beogh
Jiyva
Lugonu


Innate Abilities, Weirdness & Mutations

You have a pair of horns on your head.
You reflexively headbutt those who attack you in melee.


Message History

Items here: )))))).
You start resting.
You feel a little less mighty now.
You start resting.
You start resting.
You start resting.
You start resting.
HP restored.
A two-headed ogre comes into view. It is wielding two +0 giant clubs.
The two-headed ogre shouts in stereo!
You hit the two-headed ogre but do no damage.
Your headbutt misses the two-headed ogre.
You hit the two-headed ogre.
The two-headed ogre is lightly wounded.
You block the two-headed ogre's attack. x2
You barely miss the two-headed ogre. You headbutt the two-headed ogre!
The two-headed ogre is moderately wounded.
You hit the two-headed ogre. You headbutt the two-headed ogre.
The two-headed ogre is moderately wounded.
The two-headed ogre hits you with a +0 giant club!
The two-headed ogre closely misses you.
You thump the two-headed ogre!
The two-headed ogre is heavily wounded.
The two-headed ogre hits you with a +0 giant club!!
The two-headed ogre hits you with a +0 giant club!
You barely miss the two-headed ogre.
The two-headed ogre is heavily wounded.
You sock the two-headed ogre!
The two-headed ogre is severely wounded.
The two-headed ogre hits you with a +0 giant club!
* * * LOW HITPOINT WARNING * * *
The two-headed ogre closely misses you.
You hit the two-headed ogre but do no damage.
You headbutt the two-headed ogre!
The two-headed ogre is severely wounded.
You barely miss the two-headed ogre.
The two-headed ogre is severely wounded.
The two-headed ogre hits you with a +0 giant club!!
You die...
Your body crumbles into a pile of gold.

♣.############ $$ $
♣♣.#___#___#__# $ $
..#.[.#__.#._#$ $$ ♣
♣.###)#'###)##$$ $
♣♣♣.#..........#$$
♣♣..'.⌠........# $ $$ $
≈...#...######'# $ $ $
....#.⌠.#__#...#+###########
....#...#__#...#@O..#.#. ..
....#'###__#...##.#..#.# .#
....#)).#__#...'##.#.#.##.#
....#___#__'...#.).#..#.O#
▓▓▓▓▓▓▓▓▓▓▓▓▓▓▓▓▓▓▓▓▓▓▓▓▓▓


You could see a two-headed ogre.

Vanquished Creatures
  A deep elf pyromancer (D)
  A shadow (D)
  A spatial vortex (D)
  A necrophage (D)
  3 two-headed ogres (D)
  A scorpion (D)
  A water elemental (D)
  A jelly (D)
  Jessica (D)
  A necromancer (D)
  A wizard (D)
  3 humans (D)
  A kobold demonologist (D)
  An endoplasm (D)
  2 rats (D)
20 creatures vanquished.

Notes
Turn   | Place    | Note
-------+----------+-------------------------------------------
     0 | D        | mhtbhm the Minotaur Fighter began the quest for the Orb.
     0 | D        | Reached XP level 1. HP: 19/19 MP: 0/0
    56 | D        | Noticed Jessica
    62 | D        | Killed Jessica
    63 | D        | Reached skill level 5 in Fighting
    63 | D        | Reached skill level 5 in Armour
    63 | D        | Reached skill level 5 in Shields
    63 | D        | Reached XP level 2. HP: 20/29 MP: 1/1
    63 | D        | Reached XP level 3. HP: 25/36 MP: 2/2
   178 | D        | Noticed a scorpion
   186 | D        | Killed a scorpion
   187 | D        | Reached XP level 4. HP: 22/45 MP: 3/3
   382 | D        | Noticed a water elemental
   394 | D        | Killed a water elemental
   395 | D        | Reached skill level 5 in Maces & Flails
   395 | D        | Reached XP level 5. HP: 52/53 MP: 4/4
   619 | D        | Noticed a shadow
   624 | D        | Killed a shadow
   625 | D        | Reached XP level 6. HP: 54/63 MP: 5/5
   668 | D        | Found a blossoming altar of Fedhas.
   668 | D        | Found a stormy altar of Qazlal.
   668 | D        | Found a snail-covered altar of Cheibriados.
   668 | D        | Found a burning altar of Makhleb.
   668 | D        | Found a shimmering altar of Xom.
   669 | D        | Found a hazy altar of Hepliaklqana.
   669 | D        | Found an opulent altar of Gozag.
   669 | D        | Found a sparkling altar of Nemelex Xobeh.
   669 | D        | Found a corrupted altar of Lugonu.
   669 | D        | Found a viscous altar of Jiyva.
   669 | D        | Noticed a spatial vortex
   677 | D        | Killed a spatial vortex
   678 | D        | Reached skill level 10 in Armour
   685 | D        | Became a worshipper of Gozag Ym Sagoz the Greedy
   701 | D        | Found a basalt altar of Yredelemnul.
   701 | D        | Found a shadowy altar of Dithmenos.
   701 | D        | Found a sacrificial altar of Ru.
   706 | D        | Reached XP level 7. HP: 33/71 MP: 6/6
   709 | D        | Reached skill level 10 in Fighting
   922 | D        | Found a radiant altar of Vehumet.
   922 | D        | Found a shimmering blue altar of Sif Muna.
   922 | D        | Found an ancient bone altar of Kikubaaqudgha.
   926 | D        | Noticed a rust devil
   927 | D        | Noticed a red devil
   928 | D        | Noticed a smoke demon
  1001 | D        | Found a glowing silver altar of Zin.
  1001 | D        | Found a glowing golden altar of the Shining One.
  1001 | D        | Found a white marble altar of Elyvilon.
  1002 | D        | Noticed a deep elf pyromancer
  1013 | D        | Killed a deep elf pyromancer
  1014 | D        | Reached skill level 1 in Dodging
  1014 | D        | Reached XP level 8. HP: 11/81 MP: 7/7
  1068 | D        | Reached skill level 1 in Stealth
  1068 | D        | Reached skill level 1 in Evocations
  1114 | D        | Found an ornate altar of the Wu Jian Council.
  1115 | D        | Found a hide-covered altar of Uskayaw.
  1115 | D        | Found a bloodstained altar of Trog.
  1116 | D        | Found an iron altar of Okawaru.
  1360 | D        | Reached skill level 10 in Shields
  1567 | D        | Noticed a two-headed ogre
  1584 | D        | Mangled by a two-headed ogre

Illustrated notes

Levels and vault maps discovered:
D:        dungeon_sprint_mu [sprint_mu_entry_forest, sprint_mu_temple_rooms,
          sprint_mu_d1_spiders, sprint_mu_d2_genie, sprint_mu_d3_branching,
          sprint_mu_orc_legion, sprint_mu_elf_gauntlet, sprint_mu_hive_nellie,
          sprint_mu_lair_fedhas, sprint_mu_vaults_butterflies,
          sprint_mu_slime_circle, sprint_mu_swamp_cave, sprint_mu_snake_twists,
          sprint_mu_blade_basic, sprint_mu_crypt_fortress,
          sprint_mu_tomb_spiral, sprint_mu_vestibule_basic,
          sprint_mu_gehenna_hellfire, sprint_mu_dis_giant,
          sprint_mu_tartarus_statrot, sprint_mu_cocytus_islands, sprint_mu_zot1]

Skill      XL: |  1  2  3  4  5  6  7  8 |
---------------+-------------------------+-----
Fighting       | 5 6 7 9 10 11 | 11.5
Armour         | 5 7 9 10 11 12 | 12.6
Shields        | 5 6 7 8 9 10 | 10.1
Maces & Flails | 3 4 5 7 9 11 12 | 12.9
Dodging        | 1 |  1.6
Stealth        | 1 |  1.1
Evocations     | 1 |  1.4

Action                   |  1- 3 |  4- 6 |  7- 9 || total
-------------------------+-------+-------+-------++-------
Melee: Flail             |    22 |    23 |    46 ||    91
       Headbutt          |     2 |     4 |    10 ||    16
Evoke: Phial of floods   |       |       |     1 ||     1
  Use: Potion            |       |     2 |     4 ||     6
Armor: Scale mail        |     8 |     5 |     3 ||    16
Dodge: Dodged            |    10 |     3 |    10 ||    23
Block: Buckler           |     5 |     4 |    10 ||    19

Table legend: (Time is in decaauts)
 A = Elapsed time spent in this place.
 B = Non-inter-level travel time spent in this place.
 C = Inter-level travel time spent in this place.
 D = Time resting spent in this place.
 E = Time spent auto-exploring this place.
 F = Levels seen in this place.
 G = Mean time per level.
                   A        B        C        D        E       F      G
               +--------+--------+--------+--------+--------+-----+--------+
         Total |   1600 |   1600 |      0 |   1180 |     46 |   1 | 1600.0 |
       Dungeon |   1600 |   1600 |      0 |   1180 |     46 |   1 | 1600.0 |
               +--------+--------+--------+--------+--------+-----+--------+

Top non-repeatable levels by time:
       D: 1600 daAuts
